AoeStats
← _vishi_
◆

Rage Forest 2026

502207905Analyzed
4v4 RM · 1mo ago on Aug 26, 2026· 42m 11s· 8 players
Game mode
Random Map
Map size
Large (8 player)
Population
200
Speed
Normal
Resources
Standard
Victory
Conquest
Starting age
Dark Age
Ending age
Dark Age
RankedLock teamsTeams togetherTeam positionsShared explorationLock speedFull tech treeHidden civsTurbo modeCheats
Victory
Defeat
🇺🇸 Saracens · United States
1504
+7
🇩🇰 Slavs · Denmark
1488
+8
🇨🇿 Maya · Czechia
1456
+9
🇮🇳 Dravidians · India
1338
+14
🇬🇧 Armenians · United Kingdom
1381
-13
🇵🇱 Britons · Poland
1373
-13
🇳🇴 Teutons · Norway
1288
-9
🇬🇧 Gurjaras · United Kingdom
1142
-5
bolimoli
1:42 Loom
11:46 Feudal Age
15:24 Castle Age
14:26 Double-Bit Axe
14:26 Horse Collar
17:38 Bow Saw
19:26 Heavy Plow
24:46 Gold Mining
24:50 Stone Mining
26:41 Wheelbarrow
25:54 Town Watch
27:24 Gold Shaft Mining
30:34 Imperial Age
28:37 Hand Cart
29:02 Scale Barding Armor
29:25 Forging
30:20 Chain Barding Armor
30:34 Devotion
30:37 Elite Boyar
32:26 Plate Barding Armor
32:30 Conscription
32:16 Detinets
33:15 Iron Casting
35:41 Blast Furnace
38:09 Bloodlines
38:00 Husbandry
37:21 Light Cavalry
38:04 Capped Ram
38:21 Hussar
39:13 Caravan
39:28 Fletching
39:58 Siege Engineers
_vishi_
0:44 Loom
12:29 Feudal Age
16:49 Castle Age
15:12 Double-Bit Axe
15:09 Horse Collar
17:52 Wheelbarrow
17:44 Bow Saw
17:37 Heavy Plow
24:39 Pikeman
32:40 Imperial Age
30:37 Scale Mail Armor
30:48 Forging
31:09 Squires
32:06 Chain Mail Armor
32:47 Halberdier
33:59 Plate Mail Armor
35:54 Iron Casting
35:48 Hand Cart
37:26 Arson
37:41 Onager
39:50 Gold Mining
39:51 Stone Mining
39:38 Siege Onager
41:43 Blast Furnace
42:07 Chemistry
42:50 Masonry
aaahfef
0:33 Loom
9:50 Feudal Age
10:24 Double-Bit Axe
16:15 Castle Age
14:16 Horse Collar
17:12 Bow Saw
17:09 Town Watch
27:44 Gold Mining
31:41 Imperial Age
29:48 Wheelbarrow
29:38 Scale Mail Armor
29:56 Caravan
30:53 Chain Mail Armor
30:21 Eagle Warrior
31:07 Squires
31:20 Forging
32:55 Plate Mail Armor
32:48 Conscription
33:00 Elite Eagle Warrior
34:50 Heavy Plow
36:44 Holcans
37:58 Iron Casting
38:18 Hand Cart
39:09 Chemistry
41:28 Guilds
42:09 Fletching
43:22 Blast Furnace
42:13 Fletching
42:44 Ballistics
Granny Pumpkinz
4:00 Loom
12:32 Feudal Age
16:29 Castle Age
14:20 Double-Bit Axe
14:27 Fishing Lines
17:08 Gillnets
17:30 Bow Saw
17:57 Wheelbarrow
24:09 Gold Mining
24:14 Stone Mining
25:30 Scale Barding Armor
25:28 Husbandry
25:55 Bloodlines
30:20 Imperial Age
29:46 Chain Barding Armor
29:37 Forging
30:25 Caravan
31:36 Conscription
30:36 Elite Mameluke
32:00 Plate Barding Armor
32:01 Iron Casting
32:27 Heavy Camel Rider
34:28 Hoardings
35:23 Blast Furnace
34:15 Fletching
37:34 Two-Man Saw
40:33 Coinage
Horagalles
11:37 Feudal Age
12:28 Double-Bit Axe
15:05 Castle Age
14:24 Horse Collar
16:56 Wheelbarrow
21:09 Hand Cart
21:25 Bow Saw
26:30 Imperial Age
24:49 Scale Barding Armor
24:55 Forging
27:15 Loom
27:16 Town Watch
27:02 Cavalier
27:53 Bloodlines
28:52 Chemistry
28:33 Paladin
29:08 Gold Mining
30:20 Chain Barding Armor
30:36 Iron Casting
30:11 Heavy Plow
32:30 Two-Man Saw
31:59 Town Patrol
34:55 Caravan
37:43 Plate Barding Armor
37:32 Heavy Scorpion
39:44 Ballistics
39:32 Siege Engineers
40:19 Conscription
40:25 Ironclad
40:44 Crop Rotation
40:06 Stone Mining
jaszkowska.aleksandra
7:50 Loom
11:02 Feudal Age
15:19 Castle Age
15:33 Double-Bit Axe
18:01 Bow Saw
22:05 Wheelbarrow
23:22 Fletching
24:13 Bodkin Arrow
29:15 Horse Collar
32:55 Imperial Age
31:42 Gold Mining
32:03 Stone Mining
33:08 Hand Cart
33:55 Bracer
35:42 Two-Man Saw
35:15 Padded Archer Armor
36:19 Conscription
35:53 Pikeman
37:08 Scale Mail Armor
36:33 Halberdier
37:44 Elite Longbowman
39:24 Chain Mail Armor
40:55 Plate Mail Armor
Mercer
5:03 Loom
11:30 Feudal Age
12:51 Double-Bit Axe
16:11 Castle Age
21:40 Horse Collar
24:12 Heavy Plow
24:29 Bow Saw
26:25 Redemption
26:43 Heavy Plow
27:20 Wheelbarrow
26:31 Town Watch
28:06 Fletching
30:19 Sanctity
32:38 Imperial Age
30:34 Hand Cart
30:23 Bodkin Arrow
32:14 Padded Archer Armor
32:18 Gold Mining
33:36 Bracer
34:10 Block Printing
34:59 Chemistry
34:39 Coinage
34:23 Town Patrol
35:17 Conscription
35:25 Ballistics
36:39 Scale Mail Armor
36:50 Forging
36:40 Murder Holes
36:21 Elite Composite Bowman
38:05 Chain Mail Armor
38:47 Iron Casting
38:19 Fereters
38:27 Masonry
38:35 Man-at-Arms
39:01 Gambesons
39:17 Squires
39:48 Plate Mail Armor
39:36 Long Swordsman
40:49 Two-Handed Swordsman
42:01 Champion
DanielHD
0:52 Loom
13:03 Feudal Age
17:09 Castle Age
15:39 Double-Bit Axe
18:52 Fletching
20:48 Town Watch
25:46 Ballistics
28:06 Fishing Lines
28:54 Bodkin Arrow
30:03 Gillnets
30:32 Bow Saw
31:28 Wheelbarrow
31:57 Thumb Ring
37:24 Imperial Age
35:11 Padded Archer Armor
39:52 Bracer
Connection lost

Rejoining the realm…

Still unreachable

The connection could not be restored.

Session expired

The server has moved on; the page needs a fresh start.